 Dungeon Crawl Stone Soup version 0.30-a0-950-gbf40cfac39 (webtiles) character file.

Game seed: 1240691188633586323

192 Grim the Grave Robber (level 5, -12/27 (28) HPs)
             Began as a Deep Elf Necromancer on Mar 28, 2023.
             Mangled by a hell rat (18 damage)
             ... in a sewer.
             The game lasted 00:07:37 (2697 turns).

Grim the Grave Robber (Deep Elf Necromancer)        Turns: 2697, Time: 00:07:37

HP:   -12/27 (28)   AC:  2    Str:  5    XL:     5   Next: 42%
MP:   14/15         EV: 12    Int: 22    God:
Gold: 83            SH:  0    Dex: 15    Spells: 2/15 levels left

rFire   . . .      SeeInvis .    d - +3 dagger
rCold   . . .      Faith    .    (no shield)
rNeg    . . .      Spirit   .    a - +0 robe
rPois   .          Reflect  .    (no helmet)
rElec   .          Rampage  .    (no cloak)
rCorr   .                        (no gloves)
Will    .....                    (no boots)
Stlth   ++                       (no amulet)
HPRegen 0.24/turn                (no ring)
MPRegen 0.14/turn                (no ring)

@: lightly drained
A: no striking features
a: no special abilities


You were in a sewer.
You visited 1 branch of the dungeon, and saw 3 of its levels.
You also visited: Sewer.

You collected 83 gold pieces.

Inventory:

Hand Weapons
 d - a +3 dagger (weapon)
 e - a +0 club
Armour
 a - a +0 robe (worn)
Jewellery
 j - an amulet of the acrobat
 n - a +5 ring of evasion
Scrolls
 g - a scroll of immolation {unknown}
 h - 3 scrolls of identify {unknown}
 i - 2 scrolls of poison {unknown}
 k - a scroll of brand weapon {unknown}
 m - 2 scrolls of vulnerability {unknown}
Potions
 b - a potion of magic
 c - a potion of heal wounds {unknown}
 f - 2 potions of haste {unknown}
 l - a potion of attraction {unknown}
 o - a potion of curing {unknown}


   Skills:
 + Level 0.0 Fighting
 + Level 2.4 Dodging
 - Level 2.4 Stealth
 + Level 5.8 Spellcasting
 + Level 6.7 Necromancy


You had 2 spell levels left.
You knew the following spells:

 Your Spells              Type           Power      Damage    Failure   Level
a - Necrotise             Necr           100%       1d9       1%          1
b - Vampiric Draining     Necr           35%        2d8       1%          3
c - Animate Dead          Necr           35%        N/A       6%          4
d - Agony                 Necr           35%        N/A       16%         5

Your spell library contained the following spells:

 Spells                   Type           Power      Damage    Failure   Level
 Sandblast                Erth           12%        2d6       10%         1
 Passwall                 Tmut/Erth      5%         N/A       14%         2
 Stone Arrow              Conj/Erth      12%        3d7       28%         3


Dungeon Overview and Level Annotations

Branches:
Dungeon (3/15)              Sewer (1/1)

Altars:
Elyvilon
Xom


Message History

As you open the door, it creaks loudly!
A hell rat comes into view.
The hell rat roars deafeningly!
A rat comes into view.
Found seven items.
Found a gate leading back out of this place.
The hell rat bites your rat skeleton!
Your rat skeleton is destroyed!
Aiming: Necrotise (safe; 1% risk of failure)
Press: ? - help, Q - select action, (/) - cycle Shift-Dir - straight line, f - hell rat
Aim: a hell rat (not susceptible)
Okay, then.
Unknown command.
You aren't carrying any items that you can evoke.
Okay, then.
There is an open door here.
You hit the hell rat but do no damage. The hell rat barely misses you.
You closely miss the hell rat. The hell rat closely misses you.
You hit the hell rat but do no damage.
The hell rat splashes around in the water.
The hell rat bites you!
You feel drained.
You hit the hell rat.
The hell rat is lightly wounded.
The hell rat closely misses you.
You hit the hell rat but do no damage.
The hell rat is lightly wounded.
The hell rat barely misses you.
You closely miss the hell rat.
The hell rat is lightly wounded.
The hell rat bites you!
* * * LOW HITPOINT WARNING * * *
The rat barely misses you.
Aiming: Necrotise (safe; 1% risk of failure)
Press: ? - help, Q - select action, (/) - cycle Shift-Dir - straight line, f - rat
Aim: a rat (chance to affect: 93%)
The rat writhes in agony!
You kill the rat!
The dead are walking!
The hell rat bites you!!
Ouch! That really hurt!
You die...

###~..###
#~~..~.~#
##.~....~##
#..~###~~.#
##~~##~##.~##
#.~.#~.~#~~.#
#~~##?~~##~~#
#~.#}?~~Z#~~#
#∩∩#∩!~~r@~~#
#.~#??~~~#..#
#~~##!~~##~.#
#.~~#.~~ ~~.#
##..##~ ~~##
#~.~## .~.#
##.~~ .~##
~.~~~~.


You could see a hell rat (ally target) and a friendly rat skeleton.

Vanquished Creatures
  7 adders
  4 river rats (Sewer)
  3 dart slugs
  4 orcs
  9 ball pythons
  4 bats
  5 endoplasms
  3 giant cockroaches
  3 goblins
  5 hobgoblins (D:1)
  4 kobolds
  2 quokkas (D:1)
  5 frilled lizards
  11 rats
69 creatures vanquished.

Vanquished Creatures (collateral kills)
  An adder (D:3)
  A worm (D:3)
  An endoplasm (D:1)
  2 goblins
  A frilled lizard (D:3)
  A kobold (D:3)
  A rat (D:1)
8 creatures vanquished.

Grand Total: 77 creatures vanquished

Notes
Turn   | Place    | Note
-------+----------+-------------------------------------------
     0 | D:1      | Grim the Deep Elf Necromancer began the quest for the Orb.
     0 | D:1      | Reached XP level 1. HP: 10/10 MP: 6/6
   101 | D:1      | Reached skill level 5 in Necromancy
   136 | D:1      | Reached XP level 2. HP: 15/15 MP: 0/8
   652 | D:1      | Reached XP level 3. HP: 19/19 MP: 6/10
  1292 | D:2      | Found a shimmering altar of Xom.
  2254 | D:3      | Learned a level 3 spell: Vampiric Draining
  2258 | D:3      | Reached XP level 4. HP: 24/24 MP: 10/12
  2269 | D:3      | Found a white marble altar of Elyvilon.
  2296 | D:3      | Reached skill level 6 in Necromancy
  2326 | D:3      | Reached skill level 5 in Spellcasting
  2338 | D:3      | Found a faded altar of an unknown god.
  2442 | D:3      | Found a glowing drain.
  2469 | D:3      | Reached XP level 5. HP: 28/28 MP: 5/14
  2559 | Sewer    | Entered a sewer
  2657 | Sewer    | Learned a level 4 spell: Animate Dead
  2663 | Sewer    | Learned a level 5 spell: Agony
  2697 | Sewer    | Mangled by a hell rat

Illustrated notes

Levels and vault maps discovered:
D:1:      wander_arrival_fairy_ring, layout_basic, minivault_26
D:2:      layout_basic, basic_altar
D:3:      layout_basic, lemuel_tele_altar, kennysheep_vampire_church,
          gup_sewer_entry_glass, nicolae_ecumenical_snake_handling
Sewer:    sewer_hellmonk_bad_rat

Skill      XL: |  1  2  3  4 |
---------------+-------------+-----
Necromancy     | 5 6 |  6.7
Spellcasting   | 4 5 |  5.8
Dodging        | |  2.4
Stealth        | |  2.4

Action                     |  1- 3 |  4- 6 || total
---------------------------+-------+-------++-------
  Melee: Dagger            |    11 |     8 ||    19
   Cast: Necrotise         |    74 |    52 ||   126
   Stab: Sleeping          |     2 |       ||     2
 Armour: Robe              |     7 |     4 ||    11
  Dodge: Dodged            |    27 |    18 ||    45

Table legend: (Time is in decaauts)
 A = Elapsed time spent in this place.
 B = Non-inter-level travel time spent in this place.
 C = Inter-level travel time spent in this place.
 D = Time resting spent in this place.
 E = Time spent auto-exploring this place.
 F = Levels seen in this place.
 G = Mean time per level.
                   A        B        C        D        E       F      G
               +--------+--------+--------+--------+--------+-----+--------+
         Total |   2702 |   2623 |     79 |    438 |   1673 |   4 |  675.5 |
       Dungeon |   2559 |   2480 |     79 |    438 |   1585 |   3 |  853.0 |
         Sewer |    143 |    143 |      0 |      0 |     88 |   1 |  143.0 |
               +--------+--------+--------+--------+--------+-----+--------+

Top non-repeatable levels by time:
     D:2: 1148 daAuts
     D:1: 1078 daAuts
     D:3: 332 daAuts
   Sewer: 143 daAuts
